 Dungeon Sprint DCSS version 0.31-a0-435-g2c6fae2916 (webtiles) character file.

Game seed: 17001145884186259331

497 rocky1 the Mimic (level 7, -13/52 HPs)
             Began as a Merfolk Shapeshifter on Aug 2, 2023.
             Was an Initiate of Gozag.
             Mangled by an ogre
             ... wielding a +0 giant spiked club
              (22 damage)
             ... in the Dungeon (Sprint VII: "The Pits").
             The game lasted 00:01:18 (408 turns).

rocky1 the Mimic (Merfolk Shapeshifter)              Turns: 408, Time: 00:01:18

Health: -13/52     AC: 11    Str: 16    XL:     7   Next: 16%
Magic:  7/7        EV:  9    Int:  9    God:    Gozag
Gold:   855        SH:  0    Dex: 14    Spells: 6/6 levels left

rFire   . .          .
                       - Unarmed
rCold   . . .        (no shield)
rNeg    . . .        e - +3 chain mail
rPois   .            (helmet currently unavailable)
rElec   .            (cloak currently unavailable)
rCorr   .            (gloves currently unavailable)
SInv    .            (boots currently unavailable)
Will    .....        (no amulet) Stlth
                     (no ring)
HPRegen 0.28/turn    (no ring)
MPRegen 0.10/turn

%: no teleportation
@: beast-form, on berserk cooldown, slowed, very slow
A: beast (slay +7), (nimble swimmer 2), mertail
a: Begin Untransformation, Renounce Religion, Potion Petition, Call Merchant,
Bribe Branch


You were in the Dungeon.
You worshipped Gozag.
Gozag was pleased with you.
You were a hulking beast.
You visited 1 branch You collected 855 gold pieces.

Inventory:

Armour
 a - a +0 animal skin
 e - a +3 chain mail (worn)
Talismans
 c - a beast talisman (active)
Scrolls
 i - a scroll of blinking
 k - 5 scrolls of amnesia
 l - a scroll of summoning
Potions
 b - a potion of lignification
 d - 6 potions of curing
 f - a potion of haste
 g - 4 potions of magic
 h - a potion of berserk rage
 j - a potion of invisibility
 m - 5 potions of heal wounds


   Skills:
 + Level 3.2 Fighting
 + Level 1.3 Armour
 + Level 6.3 Dodging
 + Level 4.7 Stealth
 + Level 10.4 Unarmed Combat
 + Level 11.1 Shapeshifting


You had 6 spell levels left.
You didn't know any spells.
Your spell library was empty.

Dungeon Overview and Level Annotations

Branches:
Dungeon (1/1)

Altars:
Ashenzari
Cheibriados
Dithmenos
Elyvilon
Fedhas
Gozag
Hepliaklqana
Kikubaaqudgha
Makhleb
Nemelex Xobeh
Okawaru
Qazlal
Ru
Sif Muna
Trog
Uskayaw
Vehumet
Wu Jian
Xom
Yredelemnul
Zin
The Shining One
Jiyva
Lugonu


Innate Abilities, Weirdness & Mutations

You are a hulking beast.
Your limbs bulge with bestial killing power. (Slay +7)
((You are very nimble when in or above water. (Stealth+, EV+, Speed+++)))
Your lower body shifts to a powerful aquatic tail in water.


Message History

Your Dodging skill increases to level 6!
Your Stealth skill increases to level 4!
Your Unarmed Combat skill increases to level 10!
You punch the phantom!
The phantom is heavily damaged.
You closely miss the phantom.
The phantom is heavily damaged.
The phantom hits you.
You punch the phantom!
The phantom is almost destroyed.
You hit the phantom.
You destroy the phantom!
Your Shapeshifting skill increases to level 11!
You have reached level 7!
You punch the ball python!
You kill the ball python!
You now have enough gold to fund merchants seeking to open stores in the dungeon.
You now have 855 gold pieces (gained 180).
You feel a strong urge to attack something.
You are no longer berserk.
You are exhausted.
You feel yourself slow down.
You start resting.
An ogre comes into view. It is wielding a +0 giant spiked club.
An ogre is nearby!
An ogre is nearby!
An ogre is nearby!
The ogre shouts!
A river rat comes into view.
You completely miss the ogre.
The ogre hits you with a +0 giant spiked club!!
You pummel the ogre!!
The ogre is severely wounded.
The ogre hits you with a +0 giant spiked club!!
* * * LOW HITPOINT WARNING * * *
You hit the ogre.
The ogre is almost dead.
The ogre hits you with a +0 giant spiked club!!
You die...
Your body crumbles into a pile of gold.

##########.##.....
#...........'.....
#'#####'#####.....
#.#...#.#..##.....
#.#...#)#))#####'#
#.#.))))#))##.....
#.##)####))##.....
#.#.....#.[##.....
#h#.....#'###...<.
#O#........##.....
#r#........##.....
#'###########.....
#.......# ######
#..###..# #...
##.## ..


You could see an ogre and a river rat.

Vanquished Creatures
  A flying skull (D)
  2 phantoms (D)
  A gnoll sergeant (D)
  A scorpion (D)
  5 gnolls (D)
  A river rat (D)
  A ball python (D)
  2 endoplasms (D)
  2 goblins (D)
  2 hobgoblins (D)
18 creatures vanquished.

Notes
Turn   | Place    | Note
-------+----------+-------------------------------------------
     0 | D        | rocky1 the Merfolk Shapeshifter began the quest for the
                  | Orb.
     0 | D        | Reached XP level 1. HP: 15/15 MP: 1/1
    11 | D        | Noticed a scorpion
    17 | D        | Killed a scorpion
    18 | D        | Reached skill level 7 in Shapeshifting
    18 | D        | Reached XP level 2. HP: 12/21 MP: 2/2
    18 | D        | Reached XP level 3. HP: 15/26 MP: 3/3
    18 | D        | Reached XP level 4. HP: 18/32 MP: 4/4
    22 | D        | Found a bloodstained altar of Trog.
    22 | D        | Found a shimmering blue altar of Sif Muna.
    22 | D        | Found a viscous altar of Jiyva.
    22 | D        | Found a hazy altar of Hepliaklqana.
    22 | D        | Found an opulent altar of Gozag.
    23 | D        | Found a glowing golden altar of the Shining One.
    23 | D        | Found a glowing silver altar of Zin.
    23 | D        | Found a basalt altar of Yredelemnul.
    23 | D        | Found a shimmering altar of Xom.
    23 | D        | Found an ornate altar of the Wu Jian Council.
    23 | D        | Found a sacrificial altar of Ru.
    23 | D        | Found a stormy altar of Qazlal.
    23 | D        | Found an iron altar of Okawaru.
    23 | D        | Found a sparkling altar of Nemelex Xobeh.
    23 | D        | Found a burning altar of Makhleb.
    23 | D        | Found a blossoming altar of Fedhas.
    23 | D        | Found a white marble altar of Elyvilon.
    23 | D        | Found a shadowy altar of Dithmenos.
    23 | D        | Found a snail-covered altar of Cheibriados.
    26 | D        | Found a corrupted altar of Lugonu.
    26 | D        | Found a radiant altar of Vehumet.
    27 | D        | Found an ancient bone altar of Kikubaaqudgha.
    27 | D        | Found a hide-covered altar of Uskayaw.
    27 | D        | Found a broken altar of Ashenzari.
    30 | D        | Became a worshipper of Gozag Ym Sagoz the Greedy
   230 | D        | Noticed a gnoll sergeant
   246 | D        | Killed a gnoll sergeant
   247 | D        | Reached skill level 1 in Stealth
   247 | D        | Reached skill level 9 in Shapeshifting
   247 | D        | Reached XP level 5. HP: 35/38 MP: 5/5
   252 | D        | Reached skill level 5 in Dodging
   361 | D        | Noticed a flying skull
   361 | D        | Noticed a phantom
   362 | D        | Noticed a phantom
   374 | D        | Killed a flying skull
   375 | D        | Reached skill level 10 in Shapeshifting
   375 | D        | Reached XP level 6. HP: 46/46 MP: 6/6
   377 | D        | Reached skill level 1 in Armour
   377 | D        | Reached skill level 10 in Unarmed Combat
   381 | D        | Reached skill level 11 in Shapeshifting
   381 | D        | Reached XP level 7. HP: 52/52 MP: 7/7
   408 | D        | Mangled by an ogre

Illustrated notes

Levels and vault maps discovered:
D:        pitsprint [storerooms_1, entrance_room_1, metal_vault_3, armoury_3,
          mini_pit_1, grid_room_1, main_hall_1, silver_pit, the_coven_1,
          the_vestibule_1, steel_vault_4, golden_pit, hallway_of_sentries,
          crystal_vault_2, iron_vault_4, final_vault]

Skill      XL: |  1  2  3  4  5  6 |
---------------+-------------------+-----
Dodging        | 3 4 5 6 |  6.3
Unarmed Combat | 6 7 9 10 | 10.4
Shapeshifting  | 7 9 10 11 | 11.1
Stealth        | 1 3 4 |  4.7
Fighting       | 2 3 |  3.2
Armour         | 1 |  1.3

Action                     |  1- 3 |  4- 6 |  7- 9 || total
---------------------------+-------+-------+-------++-------
  Melee: Unarmed           |     5 |    37 |     4 ||    46
         Punch             |     1 |     1 |       ||     2
    Use: Potion            |       |     4 |       ||     4
   Stab: Invisible         |       |     3 |       ||     3
 Armour: Animal skin       |     2 |       |       ||     2
         Chain mail        |       |     6 |       ||     6
  Dodge: Dodged            |     2 |    20 |       ||    22

Table legend: (Time is in decaauts)
 A = Elapsed time spent in this place.
 B = Non-inter-level travel time spent in this place.
 C = Inter-level travel time spent in this place.
 D = Time resting spent in this place.
 E = Time spent auto-exploring this place.
 F = Levels seen in this place.
 G = Mean time per level.
                   A        B        C        D        E       F      G
               +--------+--------+--------+--------+--------+-----+--------+
         Total |    418 |    397 |     21 |    179 |      0 |   1 |  418.0 |
       Dungeon |    418 |    397 |     21 |    179 |      0 |   1 |  418.0 |
               +--------+--------+--------+--------+--------+-----+--------+

Top non-repeatable levels by time:
       D: 418 daAuts
